 Dungeon Sprint DCSS version 0.19.1 (webtiles) character file.

39 equalderp2856 the Scratcher (level 3, -2/18 HPs)
             Began as a Felid Fighter on Dec 20, 2016.
             Was an Initiate of Fedhas.
             Killed from afar by a gargoyle (20 damage)
             ... with a stone arrow
             ... in the Dungeon (Sprint IX: "|||||||||||||||||||||||||||||").
             The game lasted 00:00:28 (346 turns).

equalderp2856 the Scratcher (Felid Fighter)          Turns: 346, Time: 00:00:31

Health: -2/18      AC:  1    Str: 13    XL:     3   Next: 28%
Magic:  4/4        EV: 20    Int:  9    God:    Fedhas [......]
Gold:   0          SH:  0    Dex: 15    Spells: 0 memorised, 2 levels left
                                        Lives:  0   Deaths: 0

rFire  . . .     SeeInvis +       - Unarmed
rCold  . . .     Gourm    .     (armour unavailable)
rNeg   . . .     Faith    .     (shield unavailable)
rPois  .         Spirit   .     (helmet unavailable)
rElec  .         Reflect  .     (cloak unavailable)
rCorr  .         Harm     .     (gloves unavailable)
MR     .....     NoTele   +     (boots unavailable)
Stlth  +++.......               (no amulet)
                                (no ring)
                                (no ring)

@: quick
A: no armour, no weapons or thrown items, stealth, claws 1, fangs 3, see
invisible, carnivore 3, speed 1, shaggy fur 1, slow metabolism 1, sharp paws
a: Fungal Bloom, Renounce Religion


You were in the Dungeon.
You worshipped Fedhas.
Fedhas was noncommittal.
You were not hungry.

You visited 1 branch

Inventory:

Jewellery
 m - a +3 ring of dexterity
 n - a +2 ring of protection
Wands
 l - a wand of iceblast (7/15)
Scrolls
 h - 2 scrolls of blinking
 j - 3 scrolls of remove curse
 k - 2 scrolls of amnesia
Potions
 a - a potion of might
 c - 5 potions of curing
 d - 3 potions of heal wounds
 e - a potion of haste
 f - 4 potions of magic
 g - a potion of berserk rage
 i - a potion of invisibility
Comestibles
 b - a meat ration


   Skills:
 + Level 4.2 Fighting
 + Level 5.2 Dodging
 + Level 2.4 Stealth
 + Level 6.3 Unarmed Combat


You had 2 spell levels left.
You didn't know any spells.

Dungeon Overview and Level Annotations

Branches:
Dungeon (1/1)

Altars:
Cheibriados
Dithmenos
Elyvilon
Fedhas
Gozag
Hepliaklqana
Kikubaaqudgha
Makhleb
Nemelex Xobeh
Okawaru
Qazlal
Ru
Sif Muna
Trog
Uskayaw
Vehumet
Xom
Yredelemnul
Zin
The Shining One
Beogh
Jiyva
Lugonu


Innate Abilities, Weirdness & Mutations

You cannot wear armour.
You are incapable of wielding weapons or throwing items.
Your paws allow you to move quietly. (Stealth)
You have sharp claws.
You have razor-sharp teeth.
You have supernaturally acute eyesight. (SInv)
You are carnivorous and can eat meat at any time.
You cover ground quickly.
You are covered in fur. (AC +1)
You have a slow metabolism.
Your sharp claws are effective at attacking unaware monsters.


Message History

f - 4 potions of magic (gained 2);
i - a potion of invisibility
d - 3 potions of heal wounds (gained 2);
c - 5 potions of curing (gained 4)
Found a +2 ring of protection.
j - 3 scrolls of remove curse;
k - 2 scrolls of amnesia
h - 2 scrolls of blinking (gained 1)
l - a wand of iceblast (7/15)
You see here an uncursed staff of energy.
Items here: ))))))
You see here a +0 pair of boots.
You see here a +0 centaur barding.
You see here a +0 plate armour.
m - a +3 ring of dexterity
n - a +2 ring of protection You open the door.
A crocodile, a yak, a jelly, a gargoyle, an orc warrior and a hungry ghost come into view.
The gargoyle hurls a stone arrow at you.
The stone arrow hits you!
Ouch! That really hurt!
You die...
Fedhas appreciates your contribution to the ecosystem. ▓▓▓▓▓▓▓▓▓▓▓▓▓▓▓▓▓▓▓▓▓▓▓▓ tJYoW9'@.[[[)|..'.______ ▓▓▓▓▓▓▓▓▓▓▓▓▓▓▓▓▓▓▓▓▓▓▓▓

You could see a yak (sleeping), a hungry ghost (dormant), an orc warrior (sleeping), a crocodile, a gargoyle and a jelly (sleeping).

Vanquished Creatures
  A jelly (D)
  A dart slug (D)
  2 giant cockroaches (D)
  A goblin (D)
  A hobgoblin (D)
  A quokka (D)
  A bat (D)
  A leopard gecko skeleton (D)
  A rat (D)
10 creatures vanquished.

Notes
Turn   | Place    | Note
-------+----------+-------------------------------------------
     0 | D        | equalderp2856 the Felid Fighter began the quest for the Orb.
     0 | D        | Reached XP level 1. HP: 10/10 MP: 2/2
   137 | D        | Noticed a jelly
   139 | D        | Reached skill level 5 in Unarmed Combat
   139 | D        | Reached XP level 2. HP: 14/14 MP: 3/3
   141 | D        | Reached skill level 1 in Stealth
   148 | D        | Reached skill level 5 in Dodging
   148 | D        | Reached skill level 6 in Unarmed Combat
   148 | D        | Reached XP level 3. HP: 9/18 MP: 4/4
   252 | D        | Found a roughly hewn altar of Beogh.
   252 | D        | Found a snail-covered altar of Cheibriados.
   252 | D        | Found a shadowy altar of Dithmenos.
   252 | D        | Found a white marble altar of Elyvilon.
   252 | D        | Found a blossoming altar of Fedhas.
   252 | D        | Found an opulent altar of Gozag.
   253 | D        | Found a hazy altar of Hepliaklqana.
   254 | D        | Found a viscous altar of Jiyva.
   255 | D        | Found an ancient bone altar of Kikubaaqudgha.
   256 | D        | Found a corrupted altar of Lugonu.
   290 | D        | Found a burning altar of Makhleb.
   291 | D        | Found a sparkling altar of Nemelex Xobeh.
   292 | D        | Found an iron altar of Okawaru.
   293 | D        | Found a stormy altar of Qazlal.
   294 | D        | Found a sacrificial altar of Ru.
   295 | D        | Found a deep blue altar of Sif Muna.
   296 | D        | Found a bloodstained altar of Trog.
   297 | D        | Found a hide-covered altar of Uskayaw.
   310 | D        | Became a worshipper of Fedhas Madash
   317 | D        | Found a radiant altar of Vehumet.
   318 | D        | Found a shimmering altar of Xom.
   319 | D        | Found a basalt altar of Yredelemnul.
   320 | D        | Found a glowing silver altar of Zin.
   321 | D        | Found a glowing golden altar of the Shining One.
   346 | D        | Noticed a crocodile
   346 | D        | Noticed a yak
   346 | D        | Noticed an orc warrior
   346 | D        | Noticed a hungry ghost
   346 | D        | Noticed a gargoyle
   346 | D        | Killed from afar by a gargoyle

Skill      XL: |  1  2 |
---------------+-------+-----
Unarmed Combat | 5 6 |  6.3
Stealth        | 2 |  2.4
Fighting       | 4 |  4.2
Dodging        | 5 |  5.2

Action                   || total
-------------------------++-------
Melee: Unarmed           ||    17
       Bite              ||     1
 Stab: Sleeping          ||     2
       Distracted        ||     1
Armor: Skin              ||     1
Dodge: Dodged            ||     6
